 Dungeon Crawl Stone Soup version 0.32-a0-485-g70f7560b1c (webtiles) character file.

Game seed: 5310735145606137565

1629 ezpacito the Trooper (level 8, -11/62 (71) HPs)
             Began as a Demonspawn Chaos Knight on Feb 26, 2024.
             Was a Plaything of Xom.
             Mangled by a wight
             ... wielding a +0 morningstar
              (14 damage)
             ... on level 6 of the Dungeon.
             The game lasted 00:06:59 (5039 turns).

ezpacito the Trooper (Demonspawn Chaos Knight)      Turns: 5039, Time: 00:07:00

HP:   -11/62 (71)   AC: 16    Str: 19    XL:     8   Next: 65%
MP:   12/12         EV: 12    Int: 14    God:    Xom [....*.]
Gold: 377           SH:  0    Dex: 14    Spells: 13/13 levels left

rFire   . . .        a - +1 hand axe (chaos)
rCold   . . .        (no shield)
rNeg    + + .        y - +6 ring mail of the Hunter {rN++ Int+3 Dex+2 Slay-2}
rPois   .            B - +1 hat
rElec   .            G - +0 cloak
rCorr   .            (no gloves)
SInv    .            (no boots)
Will    .....        (no amulet) Stlth
                     (no ring)
HPRegen 0.30/turn    (no ring)
MPRegen 0.13/turn

%: clarity
@: confused, ambrosia-drunk, weakened, heavily drained
A: rugged brown scales 2, demonic magic 1, demonic touch 2, clarity, robust 1,
strong 1
a: Renounce Religion


You were on level 6 of the Dungeon.
You worshipped Xom.
You were a beloved toy of Xom.
You visited 1 branch of the dungeon, and saw 6 of its levels.
You also visited: Ossuary.

You collected 377 gold pieces.

Inventory:

Hand Weapons
 a - a +1 hand axe of chaos (weapon)
Missiles
 m - 3 throwing nets (quivered)
 n - 3 datura-tipped darts
 x - 4 javelins
Armour
 h - a +0 plate armour
 j - a +0 kite shield
 l - a +0 helmet
 y - the +6 ring mail of the Hunter (worn) {rN++ Int+3 Dex+2 Slay-2}
   (You found it on level 3 of the Dungeon)

   Int+3:     It affects your intelligence (+3).
   Dex+2:     It affects your dexterity (+2).
   Slay-2:    It affects your accuracy & damage with ranged weapons and melee
   (-2).
   rN++:      It greatly protects you from negative energy.
 B - a +1 hat (worn)
 G - a +0 cloak (worn)
Magical Staves
 v - a staff of alchemy
Jewellery
 w - a ring of fire
Wands
 u - a wand of quicksilver (8)
 z - a wand of iceblast (14)
 C - a wand of paralysis (9)
Scrolls
 b - 2 scrolls of fog
 c - a scroll of butterflies
 e - a scroll of noise {unknown}
 f - a scroll of amnesia
 k - 2 scrolls of teleportation
 q - a scroll of acquirement
 A - a scroll of poison {unknown}
 D - a scroll of vulnerability
 E - a scroll of fear {unknown}
 H - a scroll of immolation {unknown}
Potions
 p - a potion of cancellation
 s - 2 potions of curing {unknown}
 t - a potion of might {unknown}
 F - a potion of degeneration {unknown}


   Skills:
 * Level 5.0 Fighting
 * Level 4.3(4.6) Axes
 + Level 2.3(3.6) Polearms
 * Level 3.9 Armour
 * Level 3.4 Dodging
 + Level 2.8 Stealth
 * Level 3.5 Unarmed Combat
 * Level 3.2 Spellcasting
 + Level 1.9 Alchemy
 + Level 1.9 Evocations


You had 13 spell levels left.
You didn't know any spells.
Your spell library contained the following spells:

 Spells                   Type           Power      Damage    Failure   Level
 Sting                    Conj/Alch      16%        1d4       24%         1
 Apportation              Tloc           4%         N/A       34%         1
 Freeze                   Ice            8%         1d3       34%         1
 Mercury Vapours          Alch/Air       8%         N/A       34%         2
 Ensorcelled Hibernation  Hex/Ice        4%         N/A       47%         2
 Jinxbite                 Hex            4%         N/A       47%         2
 Frozen Ramparts          Ice            4%         1d1       71%         3
 Hailstorm                Conj/Ice       2%         3d5       71%         3
 Passwall                 Erth           2%         N/A       71%         3
 Swiftness                Air            2%         N/A       71%         3
 Olgreb's Toxic Radiance  Alch           7%         N/A       85%         4
 Alistair's Intoxication  Alch           4%         N/A       99%         5


Dungeon Overview and Level Annotations

Branches:
Dungeon (6/15)            Ossuary (visited)
 Temple: D:4-7

Altars:
Gozag
Qazlal

Shops:
D:2 (


Innate Abilities, Weirdness & Mutations

You are mostly covered in rugged brown scales. (AC +2, +5% HP)
Spells you cast may paralyse adjacent enemies.
Your touch may inflict irresistible damage on your foes.
You possess an exceptional clarity of mind.
You are robust. (+10% HP)
Your muscles are strong. (Str +4, Int/Dex -1)


Message History

The gnoll bouda mumbles some strange prayers to its god.
The gnoll bouda is healed somewhat.
The wight hits you with a +0 morningstar.
* * * LOW HITPOINT WARNING * * *
The gnoll hits you but does no damage.
You miss the gnoll bouda.
The gnoll bouda is heavily wounded.
You closely miss the wight. You barely miss the wight. You hit the wight.
You burn the wight. You hit the gnoll. The wight hits you but does no damage.
The wight hits you with a +0 dire flail!
* * * LOW HITPOINT WARNING * * *
You emit a cloud of colourful smoke!
You partially resist.
You feel drained. The wight hits you but does no damage.
The gnoll bouda calls upon its god to heal the gnoll.
The gnoll is healed somewhat.
The gnoll misses you.
You are too confused!
You closely miss the wight.
The wight is moderately damaged.
You hit the gnoll. You drain the gnoll. You closely miss the wight.
You closely miss the gnoll bouda. You hit the wight but do no damage.
Your cleaving frenzy subsides.
The wight closely misses you. The wight hits you with a +3 dagger!
* * * LOW HITPOINT WARNING * * *
The gnoll bouda hits you but does no damage.
The wight hits you but does no damage. The gnoll barely misses you.
Okay, then.
You completely miss the wight. Your touch misses the wight.
The wight is moderately damaged.
You closely miss the gnoll bouda. You miss the wight. You hit the wight.
The wight seems to grow stronger.
You closely miss the gnoll. The wight hits you but does no damage.
The wight hits you with a +3 dagger.
* * * LOW HITPOINT WARNING * * *
You partially resist. The gnoll bouda barely misses you.
The wight hits you but does no damage. The gnoll closely misses you.
The gnoll bouda gazes fiercely through you!
You feel as though you will be weak longer.
The gnoll bouda hits you but does no damage.
The wight hits you with a +0 morningstar!
You die...
Xom cackles wildly!

.....#.>##≈#
..........≈# ≈.
....$.....≈# ≈.
.....$....≈# ≈#
..........≈#####≈# .
.........#≈≈≈≈≈≈≈ ...
.........#..# .##....
.......<.b..###z.....#
............/b@z......
#............zgg.b....
##.......?....f.....#.
##.....#..........##
###..###...........
...# #............
.... ##..##...##..
.... ...# .... .. ..
..#


You could see a sleepcap, a gnoll bouda (poisoned), 3 wights and a gnoll (swift,
very drained).

Vanquished Creatures
  Sigmund (D:2)
  A centaur (D:4)
  A weeping skull (Ossuary)
  A scorpion (D:5)
  5 water moccasin zombies (Ossuary)
  A wight (D:6)
  3 killer bees (D:5)
  A howler monkey (D:5)
  3 bombardier beetles
  Crazy Yiuf (D:4)
  2 hounds (D:5)
  A jelly (D:4)
  Ijyb (D:3)
  2 iguanas (D:5)
  2 crocodile zombies (Ossuary)
  2 mummies (Ossuary)
  Robin (D:2)
  13 gnolls
  3 adders
  4 adder zombies (Ossuary)
  2 ribbon worms
  A dart slug (D:3)
  5 orcs
  7 bats
  13 endoplasms
  3 giant cockroaches
  12 hobgoblins
  2 jackals (D:1)
  11 kobolds
  2 quokkas (D:4)
  6 ball pythons
  3 frilled lizards
  9 gnoll zombies (Ossuary)
  18 goblins
  5 jackal zombies (Ossuary)
  2 orc zombies (Ossuary)
  4 rats
154 creatures vanquished.

Vanquished Creatures (collateral kills)
  A centaur (D:5)
  A gnoll (D:2)
  An adder (D:5)
  An orc (D:5)
  A quokka (D:2)
5 creatures vanquished.

Grand Total: 159 creatures vanquished

Notes
Turn   | Place    | Note
-------+----------+-------------------------------------------
     0 | D:1      | ezpacito the Demonspawn Chaos Knight began the quest for
                  | the Orb.
     0 | D:1      | Reached XP level 1. HP: 18/18 MP: 1/1
   101 | D:1      | Reached skill level 1 in Dodging
   193 | D:1      | Gained mutation: Spells you cast may paralyse adjacent
                  | enemies. [demonic ancestry]
   193 | D:1      | Reached XP level 2. HP: 24/24 MP: 2/2
   210 | D:1      | XOM: divination: magic mapping
   303 | D:1      | XOM: noise
   396 | D:1      | XOM: 1-stop teleportation journey
   422 | D:1      | XOM: give mutations
   422 | D:1      | Gained mutation: You possess an exceptional clarity of
                  | mind. [Xom's grace]
   422 | D:1      | Gained mutation: You have hidden genetic potential. [Xom's
                  | grace]
   443 | D:1      | XOM: divination: detect items
   528 | D:1      | XOM: 1-stop teleportation journey
   592 | D:1      | Gained mutation: You are partially covered in rugged brown
                  | scales. (AC +1, +3% HP) [demonic ancestry]
   592 | D:1      | Reached XP level 3. HP: 21/29 MP: 3/3
   845 | D:1      | XOM: give mutation
   845 | D:1      | Lost mutation: You have hidden genetic potential. [Xom's
                  | mischief]
   845 | D:1      | Gained mutation: You are somewhat resistant to further
                  | mutation. [Xom's mischief]
  1125 | D:2      | Noticed Robin
  1132 | D:2      | Reached skill level 1 in Unarmed Combat
  1145 | D:2      | Gained mutation: You are mostly covered in rugged brown
                  | scales. (AC +2, +5% HP) [demonic ancestry]
  1145 | D:2      | Reached XP level 4. HP: 17/36 MP: 5/5
  1148 | D:2      | Killed Robin
  1149 | D:2      | Found Diruggef's Weapon Boutique.
  1256 | D:2      | XOM: silly message
  1372 | D:2      | Noticed Sigmund
  1379 | D:2      | XOM: divination: magic mapping
  1387 | D:2      | Reached skill level 1 in Spellcasting
  1388 | D:2      | XOM: cast spell 'Summon Ice Beast'
  1391 | D:2      | Killed Sigmund
  1392 | D:2      | Reached skill level 1 in Polearms
  1392 | D:2      | Reached skill level 1 in Stealth
  1392 | D:2      | Reached XP level 5. HP: 10/44 MP: 5/7
  1393 | D:2      | Gained mutation: Your touch may inflict minor irresistible
                  | damage on your foes. [demonic ancestry]
  1393 | D:2      | Reached XP level 6. HP: 12/50 MP: 5/8
  1843 | D:3      | Found an opulent altar of Gozag.
  1986 | D:3      | Found a faded altar of an unknown god.
  2153 | D:3      | Noticed Ijyb
  2168 | D:3      | XOM: confuse monster(s)
  2169 | D:3      | Killed Ijyb
  2449 | D:3      | Identified the +6 ring mail of the Hunter {rN++ Int+3 Dex+2
                  | Slay-2}
  2727 | D:3      | XOM: god gift: 51 gold pieces
  2828 | D:4      | Identified a scroll of acquirement
  2846 | D:4      | Found a sand-covered staircase.
  2859 | D:4      | Found a stormy altar of Qazlal.
  2892 | Ossuary  | Entered an ossuary
  2902 | Ossuary  | Reached skill level 4 in Fighting
  2931 | Ossuary  | XOM: enchant monster (bad)
  2945 | Ossuary  | Reached XP level 7. HP: 46/56 MP: 10/10
  3206 | Ossuary  | Reached skill level 1 in Evocations
  3298 | Ossuary  | XOM: noise
  3510 | D:4      | Reached skill level 1 in Alchemy
  3547 | D:4      | XOM: god gift: scroll labelled YNOPTE RONKU {god gift}
  3702 | D:4      | XOM: give mutations
  3702 | D:4      | Gained mutation: You are robust. (+10% HP) [Xom's mischief]
  3702 | D:4      | Lost mutation: You are somewhat resistant to further
                  | mutation. [Xom's mischief]
  3702 | D:4      | Gained mutation: Your muscles are strong. (Str +4, Int/Dex
                  | -1) [Xom's mischief]
  3736 | D:4      | Found a runed translucent door.
  3737 | D:4      | Noticed Crazy Yiuf
  3900 | D:4      | XOM: noise
  4422 | D:4      | Killed Crazy Yiuf
  4423 | D:4      | Gained mutation: Your touch may inflict irresistible damage
                  | on your foes. [demonic ancestry]
  4423 | D:4      | Reached XP level 8. HP: 70/70 MP: 10/12
  4481 | D:5      | Entered Level 5 of the Dungeon
  4493 | D:5      | XOM: summons 2 friendly demons
  4578 | D:5      | XOM: enchant monster (bad)
  4623 | D:5      | XOM: god gift: 5 stones
  4994 | D:5      | XOM: draining
  5017 | D:6      | XOM: cleaving
  5025 | D:6      | Reached skill level 5 in Fighting
  5033 | D:6      | XOM: butterfly on damage
  5037 | D:6      | XOM: smoke on damage
  5038 | D:6      | HP: 1/62 [wight/+3 dagger (7)]
  5039 | D:6      | Mangled by a wight

Illustrated notes

Levels and vault maps discovered:
D:1:      evilmike_arrival_hilbert_curve, layout_loops_ring,
          nicolae_figureground_pulse
D:2:      layout_basic, serial_shops, shop, minmay_tromino_mix6, uniq_sigmund,
          uniq_robin
D:3:      layout_basic, mainiacjoe_overflow_catwalk_spiral,
          ebering_ecumenical_altar_petrified, minmay_splitting_lines,
          grunt_decor_fettered, minmay_misc_feat_chi, st_stairs_12,
          nicolae_goblin_pals
D:4:      layout_basic, nicolae_qazlal_scattered_showers,
          lightli_ossuary_entry_decrepit_ruins, minmay_misc_feat_nine_boxes,
          serial_park_tiny_1, uniq_crazy_yiuf_cottage
D:5:      layout_cave_pools, elyvilon_altar_3
D:6:      minmay_evil_eye, layout_cave_pools, dancing_weapons_uskayaw,
          nicolae_overflow_two_pavilions, gammafunk_ghost_necromancy,
          hangedman_decor_growths, skrybe_limestone_x, uniq_jeremiah

Skill      XL: |  1  2  3  4  5  6  7  8 |
---------------+-------------------------+-----
Dodging        | 1 2 3 |  3.4
Armour         | 2 3 |  3.9
Axes           | 3 4 |  4.3
Unarmed Combat | 1 2 3 |  3.5
Spellcasting   | 1 2 3 |  3.2
Polearms       | 1 2 |  2.3
Stealth        | 1 2 |  2.8
Fighting       | 4 5 |  5.0
Evocations     | 1 |  1.9
Alchemy        | 1 |  1.9

Action                     |  1- 3 |  4- 6 |  7- 9 || total
---------------------------+-------+-------+-------++-------
  Melee: Hand axe          |   118 |   129 |   230 ||   477
         Touch             |       |    24 |    54 ||    78
    Use: Scroll            |       |     7 |     2 ||     9
         Potion            |       |       |    10 ||    10
   Stab: Confused          |     1 |     2 |     1 ||     4
         Paralysed         |       |     1 |     2 ||     3
         Distracted        |       |       |     2 ||     2
 Armour: Leather armour    |    69 |     2 |       ||    71
         Plate armour      |       |   116 |       ||   116
         Ring mail         |       |    29 |   195 ||   224
         Skin              |       |       |    53 ||    53
  Dodge: Dodged            |    87 |    45 |   174 ||   306

Table legend: (Time is in decaauts)
 A = Elapsed time spent in this place.
 B = Non-inter-level travel time spent in this place.
 C = Inter-level travel time spent in this place.
 D = Time resting spent in this place.
 E = Time spent auto-exploring this place.
 F = Levels seen in this place.
 G = Mean time per level.
                   A        B        C        D        E       F      G
               +--------+--------+--------+--------+--------+-----+--------+
         Total |   5095 |   4867 |    228 |     44 |   3747 |   7 |  727.9 |
       Dungeon |   4607 |   4379 |    228 |     44 |   3461 |   6 |  767.8 |
       Ossuary |    488 |    488 |      0 |      0 |    286 |   1 |  488.0 |
               +--------+--------+--------+--------+--------+-----+--------+

Top non-repeatable levels by time:
     D:4: 1228 daAuts
     D:3: 994 daAuts
     D:1: 982 daAuts
     D:2: 839 daAuts
     D:5: 530 daAuts
 Ossuary: 488 daAuts
     D:6: 32 daAuts
